 Dungeon Crawl Stone Soup version 0.17-a0-1404-gb8113a6 (webtiles) character file.

115 bal the Sneak (level 5, 0/26 HPs)
             Began as a Vine Stalker Assassin on June 21, 2015.
             Succumbed to an adder's poison
             ... on level 3 of the Dungeon.
             The game lasted 00:06:51 (1880 turns).

bal the Sneak (Vine Stalker Assassin)               Turns: 1880, Time: 00:06:52

Health: 0/26       AC:  3    Str: 13    XL:     5   Next: 0%
Magic:  2/6        EV: 12    Int: 12    God:
Gold:   128        SH:  0    Dex: 16    Spells: 0 memorised, 4 levels left

rFire  . . .     SeeInvis .     a - +2 dagger
rCold  . . .     Clarity  .     c - +0 robe
rNeg   . . .     SustAt   .     (no shield)
rPois  .         Gourm    .     (no helmet)
rElec  .         Spirit   +     d - +0 cloak
rCorr  .         Warding  .     (no gloves)
rMut   .         Stasis   .     (no boots)
MR     .....                    (no amulet)
Stlth  ++++......               (no ring)
                                (no ring)

@: lethally poisoned (0 -> -2), not resistant to hostile enchantments, stealthy
A: fangs 2, regeneration 1, magic shield, antimagic bite, no device heal 3, rot
immunity
a: no special abilities


You were on level 3 of the Dungeon.
You were hungry.

You visited 1 branch of the dungeon, and saw 3 of its levels.

You collected 128 gold pieces.

Inventory:

Hand weapons
 a - a +2 dagger (weapon)
 b - a +0 blowgun
 n - a +0 whip of pain
 t - a +0 hunting sling
Missiles
 e - 19 poisoned needles
 f - 2 curare-tipped needles
 l - 2 tomahawks (quivered)
Armour
 c - a +0 robe (worn)
 d - a +0 cloak (worn)
Jewellery
 v - an uncursed ring of fire
Scrolls
 k - a scroll of immolation {unknown}
Comestibles
 g - 2 bread rations
 h - 2 beef jerkies
 i - a slice of pizza
 j - 4 meat rations
 m - a royal jelly


   Skills:
 + Level 2.0 Fighting
 + Level 2.2 Short Blades
 + Level 1.9 Throwing
 + Level 1.3 Dodging
 + Level 6.8 Stealth


You had 4 spell levels left.
You didn't know any spells.

Dungeon Overview and Level Annotations

Branches:
Dungeon (3/15)

Altars:
Yredelemnul

Annotations:
D:3 Jessica


Innate Abilities, Weirdness & Mutations

You have extremely sharp teeth.
Your natural rate of healing is unusually fast.
When hurt, damage is shared between your health and your magic reserves.
Your bite disrupts and absorbs the magic of your enemies.
Potions and wands cannot restore your health.
You are immune to rotting.


Message History

* * * LOW HITPOINT WARNING * * *
You feel sick. The adder closely misses you.
You closely miss the adder. You bite the adder. You drain its power.
The adder is almost dead.
The adder closely misses you. The adder bites you.
* * * LOW HITPOINT WARNING * * *
You closely miss the adder.
The adder is almost dead.
* * * LOW HITPOINT WARNING * * *
You feel sick. The adder closely misses you.
You hit the adder.
You kill the adder!
You have reached level 5!
* * * LOW HITPOINT WARNING * * *
You feel sick.
* * * LOW HITPOINT WARNING * * *
You feel sick.
* * * LOW HITPOINT WARNING * * *
You feel sick.
You die...

........##.# # #†........#
#.......##.#.#####..########
#....#####.#...............#
#.... #.########.#####.##
#.... #.#<..# #......#
#.#.#.###..#.#.#
#.#.#........#.#
#.#######......#
#...@......#####.#
#########........#
##########


There were no monsters in sight!

Vanquished Creatures
  Natasha (D:2)
  3 adders (D:3)
  3 giant geckos
  An orc (D:3)
  4 giant cockroaches
  5 hobgoblins
  7 bats
  A giant newt (D:1)
  6 goblins
  2 goblin skeletons (D:2)
  7 jackals
  9 kobolds
  A quokka (D:2)
  12 rats
  A plant (D:1)
63 creatures vanquished.

Vanquished Creatures (others)
  An adder (D:2)
  A bat (D:2)
  A plant (D:1)
3 creatures vanquished.

Grand Total: 66 creatures vanquished

Notes
Turn   | Place    | Note
--------------------------------------------------------------
     0 | D:1      | bal the Vine Stalker Assassin began the quest for the Orb.
     0 | D:1      | Reached XP level 1. HP: 11/11 MP: 2/2
    43 | D:1      | Reached skill level 5 in Stealth
   106 | D:1      | Reached XP level 2. HP: 9/15 MP: 3/3
   510 | D:1      | Reached XP level 3. HP: 18/18 MP: 4/4
   974 | D:2      | Reached skill level 6 in Stealth
  1043 | D:2      | Found a runed door.
  1043 | D:2      | Noticed a human
  1052 | D:2      | Found a basalt altar of Yredelemnul.
  1238 | D:2      | Noticed Natasha
  1252 | D:2      | Killed Natasha
  1252 | D:2      | Reached skill level 1 in Dodging
  1252 | D:2      | Reached XP level 4. HP: 17/23 MP: 5/5
  1853 | D:3      | Noticed Jessica
  1875 | D:3      | Reached XP level 5. HP: 3/26 MP: 2/6
  1876 | D:3      | HP: 1/26 [poisoned by an adder]
  1880 | D:3      | Succumbed to an adder's poison

Vault maps used:
D:1:      saegor_arrival_simple_a, lexackson_kobold_supper
D:2:      dk_yredelemnul_ordeal, uniq_natasha
D:3:      amethyst_overflow_temple_binary, first_bread, serial_curves,
          eino_curves_04, eino_curves_02, uniq_jessica

Action                   |  1- 3 |  4- 6 || total
-------------------------+-------+-------++-------
Melee: Dagger            |   209 |    39 ||   248
 Fire: Blowgun           |     3 |     4 ||     7
  Use: Scroll            |       |     5 ||     5
       Potion            |       |     3 ||     3
 Stab: Sleeping          |    15 |     4 ||    19
  Eat: Chunk             |     1 |     2 ||     3
